 Dungeon Crawl Stone Soup version 0.22.0-78-g6c94d2c (webtiles) character file.

106 MalarOregon the Insei (level 4, 0/22 HPs)
             Began as a Vine Stalker Transmuter on Sept 16, 2018.
             Slain by an orc
             ... wielding a +0 trident
              (3 damage)
             ... on level 3 of the Dungeon.
             The game lasted 00:03:13 (2954 turns).

MalarOregon the Insei (Vine Stalker Transmuter)     Turns: 2954, Time: 00:03:14

Health: 0/22       AC:  2    Str: 13    XL:     4   Next: 84%
Magic:  0/9        EV: 12    Int: 14    God:
Gold:   108        SH:  0    Dex: 14    Spells: 6/9 levels left

rFire    . . .     SeeInvis .     - Unarmed
rCold    . . .     Gourm    .   (no shield)
rNeg     . . .     Faith    .   b - +0 robe
rPois    .         Spirit   +   (no helmet)
rElec    .         Reflect  .   (no cloak)
rCorr    .         Harm     .   (no gloves)
MR       .....                  (no boots)
Stlth    +.........             (no amulet)
HPRegen  0.47/turn              c - ring of wizardry
MPRegen  0.11/turn              (no ring)

@: appendage
A: fangs 2, horns 2, regeneration 1, magic shield, antimagic bite, no potion
heal 3, rot immunity
a: End Transformation


You were on level 3 of the Dungeon.
You were not hungry.
You had grown temporary horns.
You visited 1 branch of the dungeon, and saw 3 of its levels.

You collected 108 gold pieces.

Inventory:

Missiles
 a - 39 arrows
 n - 2 throwing nets (quivered)
Armour
 b - a +0 robe (worn)
Jewellery
 c - a ring of wizardry (left hand)
 o - an uncursed ring of wizardry
Wands
 q - a wand of polymorph (15)
Scrolls
 f - 3 scrolls of identify {unknown}
 h - 3 scrolls of teleportation {unknown}
 i - 5 scrolls of remove curse {unknown}
 j - a scroll of enchant weapon {unknown}
Potions
 e - a potion of flight {unknown}
 g - 2 potions of agility {unknown}
 k - a potion of ambrosia {unknown}
 m - a potion of lignification {unknown}
 p - a potion of magic {unknown}
Comestibles
 d - 6 rations
 l - 6 chunks of flesh


   Skills:
 + Level 1.5 Fighting
 + Level 2.0 Dodging
 * Level 3.7 Unarmed Combat
 * Level 3.0 Spellcasting
 * Level 3.0 Transmutations


You had 6 spell levels left.
You knew the following spells:

 Your Spells              Type           Power        Failure   Level  Hunger
a - Beastly Appendage     Tmut           ##....       2%          1    #......
b - Sticks to Snakes      Tmut           ##......     4%          2    ##.....

Your spell library contained the following spells:

 Spells                   Type           Power        Failure   Level  Hunger
 Spider Form              Tmut/Pois      #.........   14%         3    ###....
 Ice Form                 Ice/Tmut       #.......     41%         4    #####..
 Blade Hands              Tmut           ##........   52%         5    ######.


Dungeon Overview and Level Annotations

Branches:
Dungeon (3/15)

Altars:
Cheibriados
Dithmenos
Gozag
Ru
Trog
The Shining One

Annotations:
D:3 2 runed doors


Innate Abilities, Weirdness & Mutations

You have extremely sharp teeth.
Your natural rate of healing is unusually fast.
When hurt, damage is shared between your health and your magic reserves.
Your bite disrupts and absorbs the magic of your enemies.
Potions cannot restore your health.
You are immune to rotting.
You have a pair of horns on your head.


Message History

The orc barely misses you. The orc barely misses you.
Your transformation is almost over.
The orc hits you with a hand axe!
* * * LOW HITPOINT WARNING * * *
An orc opens the door.
Your horns disappear.
You hit the orc.
The orc is lightly wounded.
The orc barely misses you.
Casting: Beastly Appendage (safe; 2% risk of failure)
Confirm with . or Enter, or press ? or * to list all spells.
You grow a pair of large bovine horns.
The orc hits you but does no damage.
You hit the orc. You headbutt the orc.
You kill the orc!
You barely miss the orc. The orc hits you with a trident.
* * * LOW HITPOINT WARNING * * *
You closely miss the orc. Your bite misses the orc.
The orc hits you with a trident.
You die...

.....#...###.# #.....#
....#.....##.#####.....#
++####.................#
..$ #.......#####.....##
_$ ##.###### #..#...##
#.# ##...#..# ##+# ###
######.#
##...######o###.####.#
##.....##.o.#@#_#.#...#
##.......#.####.###.####
#..........# ### ###
+.........o......
#.........####...
#.......## # ##.....##
##...## ##'##


You could see an orc.

Vanquished Creatures
  An orc wizard (D:3)
  2 adders (D:2)
  A worm (D:2)
  2 dart slugs
  3 leopard geckos
  An orc (D:3)
  8 bats
  A giant cockroach (D:1)
  5 hobgoblins
  3 jackals (D:3)
  4 kobolds
  A quokka (D:2)
  2 frilled lizards
  8 goblins
  7 rats
49 creatures vanquished.

Notes
Turn   | Place    | Note
-------+----------+-------------------------------------------
     0 | D:1      | MalarOregon the Vine Stalker Transmuter began the quest for
                  | the Orb.
     0 | D:1      | Reached XP level 1. HP: 9/9 MP: 4/4
   105 | D:1      | Reached skill level 1 in Fighting
   166 | D:1      | Reached XP level 2. HP: 6/14 MP: 1/6
   353 | D:1      | Learned a level 2 spell: Sticks to Snakes
  1140 | D:1      | Reached XP level 3. HP: 8/18 MP: 3/7
  1584 | D:2      | Found a bloodstained altar of Trog.
  1603 | D:2      | Found a snail-covered altar of Cheibriados.
  2024 | D:2      | Found a sacrificial altar of Ru.
  2148 | D:2      | Found a shadowy altar of Dithmenos.
  2177 | D:2      | Gained mutation: Your natural rate of healing is unusually
                  | fast. [Vine Stalker growth]
  2177 | D:2      | Reached XP level 4. HP: 20/22 MP: 9/9
  2232 | D:2      | Found a glowing golden altar of the Shining One.
  2886 | D:3      | Found a runed gate.
  2887 | D:3      | Found a runed gate.
  2887 | D:3      | Found an opulent altar of Gozag.
  2914 | D:3      | Found a faded altar of an unknown god.
  2954 | D:3      | Slain by an orc

Skill      XL: |  1  2  3  4 |
---------------+-------------+-----
Fighting       | 1 |  1.5
Dodging        | 2 |  2.0
Spellcasting   | 3 |  3.0
Transmutations | 3 |  3.0
Unarmed Combat | |  3.7

Action                   |  1- 3 |  4- 6 || total
-------------------------+-------+-------++-------
Melee: Unarmed           |    89 |    59 ||   148
       Bite              |    20 |    10 ||    30
       Headbutt          |     9 |     5 ||    14
       Kick              |     7 |     3 ||    10
       Punch             |     2 |     2 ||     4
 Cast: Beastly Appendage |    24 |     9 ||    33
 Stab: Sleeping          |     1 |       ||     1
  Eat: Chunk             |     4 |     3 ||     7
Armor: Robe              |    19 |     7 ||    26
Dodge: Dodged            |    49 |    34 ||    83
